[Event "Catalan Youth Championship 2024"]
[Site "Cambrils"]
[Date "2024.03.27"]
[Round "7.10"]
[White "Uber Gracia, Hugo"]
[Black "Villa Tornero, Alex"]
[Result "0-1"]
[ECO "A17"]
[WhiteElo "2237"]
[BlackElo "2329"]
[Annotator "RC"]
[PlyCount "58"]
[EventDate "2024.03.13"]
[EventType "swiss"]
[EventCountry "ESP"]
[SourceTitle "playchess.com"]
[Source "ChessBase"]
[SourceQuality "1"]
[TimeControl "5400+30"]

1. c4 e6 2. Nf3 Nf6 3. Nc3 d5 4. e3 b6 5. b3 Bb7 6. Bb2 Bd6 7. Rc1 a6 8. cxd5 exd5 9. Qc2 O-O 10. d4 Re8 11. g3 a5 12. a3 c6 13. Bg2 Qe7 14. Ra1 Ba6 15. Ne2 Nbd7 16. O-O Ne4 17. Rfe1 Nxf2 18. Nf4 Ne4 19. Qxc6 Rac8 20. Qa4 Bxf4 21. exf4 Rc2 22. Bc1 Nc3 23. Rxe7 Rxe7 24. Bd2 Nxa4 25. bxa4 Bd3 26. Rd1 Be2 27. Re1 Kf8 28. Rc1 Rxc1+ 29. Bxc1 Bxf3 0-1

[Event "Catalan Youth Championship 2024"]
[Site "Cambrils"]
[Date "2024.03.27"]
[Round "7.11"]
[White "Herman Gamazo, Isaac"]
[Black "Tortajada Marti, Nil"]
[Result "1-0"]
[ECO "B77"]
[WhiteElo "2096"]
[BlackElo "1838"]
[Annotator "RC"]
[PlyCount "63"]
[EventDate "2024.03.13"]
[EventType "swiss"]
[EventCountry "ESP"]
[SourceTitle "playchess.com"]
[Source "ChessBase"]
[SourceQuality "1"]
[TimeControl "5400+30"]

1. e4 c5 2. Nf3 d6 3. d4 cxd4 4. Nxd4 Nf6 5. Nc3 g6 6. Be3 Bg7 7. f3 Nc6 8. Qd2 O-O 9. Bc4 Bd7 10. h4 h5 11. O-O-O Rc8 12. Nxc6 Bxc6 13. Bb3 b5 14. g4 Qa5 15. Kb1 b4 16. Nd5 Nxd5 17. exd5 Ba4 18. gxh5 Bxb3 19. cxb3 Qc7 20. Rhg1 Qd7 21. Qd3 Qh3 22. hxg6 fxg6 23. Rxg6 Kf7 24. Rxg7+ Ke8 25. Rxe7+ Kxe7 26. Bg5+ Rf6 27. Qh7+ Kf8 28. Qh8+ Kf7 29. Qxf6+ Kg8 30. Qg6+ Kf8 31. Bh6+ Ke7 32. Qg7+ 1-0

[Event "Catalan Youth Championship 2024"]
[Site "Cambrils"]
[Date "2024.03.27"]
[Round "7.12"]
[White "Garcia Canals, Gerard"]
[Black "Escoriza Pons, Xavier"]
[Result "0-1"]
[ECO "D36"]
[WhiteElo "1814"]
[BlackElo "1941"]
[Annotator "NA RC"]
[PlyCount "72"]
[EventDate "2024.03.13"]
[EventType "swiss"]
[EventCountry "ESP"]
[SourceTitle "playchess.com"]
[Source "ChessBase"]
[SourceQuality "1"]
[TimeControl "5400+30"]

1. d4 d5 2. c4 e6 3. Nc3 Nf6 4. cxd5 exd5 5. Bg5 Be7 6. e3 O-O 7. Bd3 c6 8. Qc2 Nbd7 9. Nge2 Re8 10. O-O Nf8 11. f3 Ng6 12. e4 dxe4 13. fxe4 Be6 $11 14. h3 c5 15. d5 Bd7 16. Be3 Bd6 17. Bb5 Bxb5 18. Nxb5 Nxe4 19. Rad1 a6 20. Nxd6 Qxd6 21. Rf3 Rac8 22. Nc3 Nxc3 23. Qxc3 Re5 24. Qd3 Rd8 25. Qc4 Rxd5 26. Rxd5 Qxd5 27. Qxc5 Qe4 28. Qc7 Rd1+ 29. Kf2 Qh4+ 30. g3 Qe7 31. Qc2 Rd8 32. h4 Ne5 33. Bc5 Rc8 34. Rc3 Rxc5 35. b4 Ng4+ 36. Kg1 Qe1+ 0-1

[Event "Catalan Youth Championship 2024"]
[Site "Cambrils"]
[Date "2024.03.27"]
[Round "7.13"]
[White "Anguera Staina, Maxim"]
[Black "Salinas Tomas, Daniel"]
[Result "1-0"]
[ECO "C00"]
[WhiteElo "2020"]
[BlackElo "2386"]
[Annotator "RC"]
[PlyCount "81"]
[EventDate "2024.03.13"]
[EventType "swiss"]
[EventCountry "ESP"]
[SourceTitle "playchess.com"]
[Source "ChessBase"]
[SourceQuality "1"]
[TimeControl "5400+30"]

1. Nf3 d5 2. g3 e6 3. Bg2 Nf6 4. O-O Be7 5. d3 O-O 6. Nbd2 c5 7. e4 Nc6 8. Re1 b5 9. e5 Nd7 10. Nf1 Bb7 11. h4 Qc7 12. Bf4 Rfc8 13. N1h2 Qd8 14. Ng4 Bf8 15. h5 h6 16. Qd2 Nd4 17. Ngh2 Nxf3+ 18. Nxf3 d4 19. g4 Be7 20. g5 Bxf3 21. Bxf3 hxg5 22. Bxa8 gxf4 23. Bb7 Rc7 24. Bf3 Bg5 25. a4 Bh6 26. Qe2 Qg5+ 27. Kf1 b4 28. Qe4 g6 29. hxg6 fxg6 30. b3 Bg7 31. Ke2 Nxe5 32. Qa8+ Kf7 33. Rh1 c4 34. bxc4 Nxc4 35. Rag1 Qe5+ 36. Be4 Nb6 37. Qd8 Rxc2+ 38. Kd1 Rc1+ 39. Kxc1 Qc5+ 40. Kd1 g5 41. Rxg5 1-0

[Event "Catalan Youth Championship 2024"]
[Site "Cambrils"]
[Date "2024.03.27"]
[Round "7.14"]
[White "Montes Molina, Ivan"]
[Black "Clotet Mas, Dan"]
[Result "1/2-1/2"]
[ECO "C56"]
[WhiteElo "2100"]
[BlackElo "2028"]
[Annotator "RC"]
[PlyCount "150"]
[EventDate "2024.03.13"]
[EventType "swiss"]
[EventCountry "ESP"]
[SourceTitle "playchess.com"]
[Source "ChessBase"]
[SourceQuality "1"]
[TimeControl "5400+30"]

1. e4 e5 2. Nf3 Nc6 3. d4 exd4 4. Bc4 Nf6 5. e5 d5 6. Bb5 Nd7 7. O-O Be7 8. Bxc6 bxc6 9. Nxd4 Nb8 10. f4 c5 11. Nf3 Bf5 12. Nc3 d4 13. Ne2 h5 14. Ng3 Bc8 15. Ne4 Bf5 16. Re1 Kf8 17. b3 a5 18. Ng3 Bc8 19. Qd3 g6 20. Ne4 Bf5 21. Qc4 Be6 22. Qf1 Qd5 23. Ba3 Na6 24. c3 dxc3 25. Nxc3 Qc6 26. Ne4 Nb4 27. Bxb4 axb4 28. Neg5 Kg7 29. Nxe6+ Qxe6 30. Ng5 Bxg5 31. fxg5 Rhe8 32. Qf2 c4 33. bxc4 Qxc4 34. Rac1 Qxa2 35. Qf6+ Kg8 36. Rxc7 Ra7 37. Rc6 Qd2 38. Rf1 Qd4+ 39. Kh1 Qxe5 40. Rc8 Qb5 41. Rxe8+ Qxe8 42. Qb6 Ra2 43. Qxb4 Qe2 44. Rg1 Qf2 45. Qb8+ Kh7 46. Qe5 Re2 47. Qc3 Rc2 48. Qa3 Qf5 49. Qa7 Rf2 50. Qe7 Kg7 51. h3 Rf3 52. Kh2 Qf4+ 53. Kh1 Re3 54. Qd8 Qf5 55. Qd4+ Qe5 56. Qd8 Rg3 57. Qd2 Rxg5 58. Re1 Qf6 59. Qd3 Rf5 60. Rd1 Kh7 61. Re1 Kg7 62. Rd1 Rf4 63. Qd6 Rf1+ 64. Kh2 Rxd1 65. Qxd1 Qf4+ 66. Kh1 h4 67. Qa1+ Qf6 68. Qa4 g5 69. Qd1 Qf4 70. Qa1+ Qf6 71. Qd1 Qc3 72. Qf1 f6 73. Qb1 Kh6 74. Qd1 Kg6 75. Qd8 Qc1+ 1/2-1/2

[Event "Catalan Youth Championship 2024"]
[Site "Cambrils"]
[Date "2024.03.27"]
[Round "7.15"]
[White "Vila I Bague, Arnau"]
[Black "Benseny Martinez, Guerau"]
[Result "1/2-1/2"]
[ECO "B41"]
[WhiteElo "1947"]
[BlackElo "1986"]
[Annotator "NA RC"]
[PlyCount "40"]
[EventDate "2024.03.13"]
[EventType "swiss"]
[EventCountry "ESP"]
[SourceTitle "playchess.com"]
[Source "ChessBase"]
[SourceQuality "1"]
[TimeControl "5400+30"]

1. e4 c5 2. Nf3 e6 3. d4 cxd4 4. Nxd4 a6 5. Be2 b5 6. a4 b4 7. O-O Bb7 8. Nd2 d6 9. Re1 $11 (9. c3 $14 {deserves consideration.}) 9... Nf6 10. Bf1 Be7 11. c3 bxc3 12. bxc3 Qc7 13. Qb3 Nbd7 14. Ba3 Rb8 15. Qa2 Nc5 16. Bxc5 dxc5 17. N4f3 O-O 18. Rab1 Qf4 19. Qc2 Rfd8 20. g3 Qc7 1/2-1/2

[Event "Catalan Youth Championship 2024"]
[Site "Cambrils"]
[Date "2024.03.27"]
[Round "7.16"]
[White "Sviridenko, Yaroslav"]
[Black "Bergaretxe Gavalda, Unai"]
[Result "1-0"]
[ECO "B51"]
[WhiteElo "1961"]
[BlackElo "1921"]
[Annotator "NA RC"]
[PlyCount "101"]
[EventDate "2024.03.13"]
[EventType "swiss"]
[EventCountry "ESP"]
[SourceTitle "playchess.com"]
[Source "ChessBase"]
[SourceQuality "1"]
[TimeControl "5400+30"]

1. e4 c5 2. Nf3 d6 3. Bb5+ Nd7 4. a4 a6 5. Be2 b6 6. d4 cxd4 7. Qxd4 Bb7 8. Nc3 Ngf6 9. O-O g6 (9... e6 $11 {deserves consideration.}) 10. Be3 Bg7 11. Nd2 O-O 12. Qb4 $11 Rb8 13. f3 Qc7 14. Nc4 Ba8 15. Rfd1 h5 16. a5 b5 17. Nb6 Nxb6 18. Bxb6 Rxb6 19. axb6 Qxb6+ 20. Kh1 h4 21. Qd4 Qb7 22. Qe3 Rc8 23. Ra2 Rc6 24. Rda1 h3 25. Bxb5 hxg2+ 26. Kxg2 Rxc3 27. bxc3 Qxb5 28. Rxa6 Bc6 29. R1a5 Qc4 30. Qd3 Qxd3 31. cxd3 Bd7 32. Ra7 e5 33. R5a6 Bf8 34. d4 Be6 35. d5 Nxd5 36. exd5 Bxd5 37. Rb6 e4 38. fxe4 Bxe4+ 39. Kf1 Kg7 40. Rb8 g5 41. Rd8 Bd3+ 42. Ke1 Bc4 43. Rc7 Be6 44. c4 Kg8 45. Re8 Bf5 46. Rb7 Kg7 47. Rbb8 Bd3 48. Rxf8 Bxc4 49. Rfd8 d5 50. Rbc8 Bb3 51. Rc5 1-0

[Event "Catalan Youth Championship 2024"]
[Site "Cambrils"]
[Date "2024.03.27"]
[Round "7.17"]
[White "Valle Luis, Leo"]
[Black "Funes Ostos, Aitor"]
[Result "1-0"]
[ECO "C64"]
[WhiteElo "2230"]
[BlackElo "2125"]
[Annotator "RC"]
[PlyCount "105"]
[EventDate "2024.03.13"]
[EventType "swiss"]
[EventCountry "ESP"]
[SourceTitle "playchess.com"]
[Source "ChessBase"]
[SourceQuality "1"]
[TimeControl "5400+30"]

1. e4 e5 2. Nf3 Nc6 3. Bb5 a6 4. Ba4 Bc5 5. c3 Nge7 6. O-O Ng6 7. d4 Ba7 8. Bg5 f6 9. Be3 O-O 10. Nbd2 Kh8 11. Re1 d6 12. Nf1 Bd7 13. Ng3 Qe8 14. Bc2 Bg4 15. d5 Bxe3 16. Rxe3 Nce7 17. h3 Bd7 18. c4 f5 19. Rc3 Nf4 20. c5 Rc8 21. Rc1 h6 22. Bb1 fxe4 23. Bxe4 Qf7 24. cxd6 cxd6 25. Rc7 Nexd5 26. Rxb7 Rxc1 27. Qxc1 Qe6 28. Nh4 Bb5 29. Kh2 Bd3 30. Ng6+ Nxg6 31. Bxd3 Rxf2 32. Be4 Nde7 33. Qc7 Rf7 34. Bxg6 Qxg6 35. Qd8+ Ng8 36. Rb8 Qh7 37. Qxd6 Rf6 38. Qxe5 Qg6 39. Qd5 Qf7 40. Qxf7 Rxf7 41. Ne4 Rf5 42. b4 Kh7 43. Rb6 a5 44. b5 Ne7 45. Re6 Nd5 46. b6 Rf1 47. Nd2 Rf4 48. a3 Rf7 49. Nc4 a4 50. Rd6 Nc3 51. Rc6 Nd5 52. Rc5 Nc3 53. Nd6 1-0

[Event "Catalan Youth Championship 2024"]
[Site "Cambrils"]
[Date "2024.03.27"]
[Round "7.18"]
[White "Ano Pla, Gerard"]
[Black "Sanchez Aguilar, Arnau"]
[Result "0-1"]
[ECO "C01"]
[WhiteElo "2230"]
[BlackElo "2168"]
[Annotator "RC"]
[PlyCount "108"]
[EventDate "2024.03.13"]
[EventType "swiss"]
[EventCountry "ESP"]
[SourceTitle "playchess.com"]
[Source "ChessBase"]
[SourceQuality "1"]
[TimeControl "5400+30"]

1. c4 e6 2. e4 d5 3. cxd5 exd5 4. exd5 Nf6 5. Nc3 Nxd5 6. d4 Be7 7. Nf3 O-O 8. Bc4 c6 9. O-O Be6 10. Bb3 Nd7 11. Re1 N7b6 12. Bc2 Nxc3 13. bxc3 Bf6 14. Ne5 g6 15. Bh6 Bg7 16. Bxg7 Kxg7 17. Bb3 Re8 18. Qd2 a5 19. Rab1 a4 20. Bxe6 Rxe6 21. Qf4 Re7 22. h4 Nd5 23. Qf3 h5 24. c4 Nf6 25. Qf4 Qc7 26. g3 Rae8 27. Re3 Ng4 28. Nxg4 Qxf4 29. gxf4 hxg4 30. Re5 f6 31. Rxe7+ Rxe7 32. Rb4 Rd7 33. d5 cxd5 34. cxd5 Rxd5 35. Rxb7+ Kh6 36. Rb4 a3 37. Rb3 Rd4 38. Rxa3 Rxf4 39. Kg2 Kh5 40. Kg3 Rc4 41. Rb3 f5 42. a3 f4+ 43. Kg2 Kxh4 44. Rb2 f3+ 45. Kh2 Re4 46. Rb8 Re1 47. a4 Ra1 48. Rh8+ Kg5 49. Ra8 Rf1 50. Rb8 Rxf2+ 51. Kg1 Ra2 52. Rb4 Kh4 53. Kh1 Kh3 54. Rb1 Rh2+ 0-1

[Event "Catalan Youth Championship 2024"]
[Site "Cambrils"]
[Date "2024.03.27"]
[Round "7.19"]
[White "Garcia Caro, Juan Alber"]
[Black "Serrahima Susany, Ramon"]
[Result "1/2-1/2"]
[ECO "B48"]
[WhiteElo "2128"]
[BlackElo "2029"]
[Annotator "RC"]
[PlyCount "51"]
[EventDate "2024.03.13"]
[EventType "swiss"]
[EventCountry "ESP"]
[SourceTitle "playchess.com"]
[Source "ChessBase"]
[SourceQuality "1"]
[TimeControl "5400+30"]

1. e4 c5 2. Nf3 e6 3. Nc3 Nc6 4. d4 cxd4 5. Nxd4 Qc7 6. Be3 Nf6 7. Qf3 Nxd4 8. Bxd4 e5 9. Nb5 Qb8 10. Be3 a6 11. Nc3 d6 12. Bc4 Bg4 13. Qg3 Qc8 14. Bg5 Qxc4 15. Bxf6 Be6 16. Bg5 b5 17. b3 Qc6 18. a3 Rc8 19. Bd2 a5 20. O-O b4 21. axb4 axb4 22. Nd5 Qxc2 23. Qe3 Qc5 24. Rfc1 Qxe3 25. Rxc8+ Bxc8 26. Bxe3 1/2-1/2

[Event "Catalan Youth Championship 2024"]
[Site "Cambrils"]
[Date "2024.03.27"]
[Round "7.20"]
[White "Porta Isant, Lluis"]
[Black "Chiva Perez, Ferran"]
[Result "0-1"]
[ECO "C11"]
[WhiteElo "2115"]
[BlackElo "2025"]
[Annotator "RC"]
[PlyCount "44"]
[EventDate "2024.03.13"]
[EventType "swiss"]
[EventCountry "ESP"]
[SourceTitle "playchess.com"]
[Source "ChessBase"]
[SourceQuality "1"]
[TimeControl "5400+30"]

1. e4 e6 2. d4 d5 3. Nc3 Nf6 4. e5 Nfd7 5. f4 c5 6. Nf3 Nc6 7. Be3 Be7 8. Qd2 O-O 9. O-O-O c4 10. f5 b5 11. f6 gxf6 12. Bh6 b4 13. exf6 Bxf6 14. Qf4 bxc3 15. Bxc4 cxb2+ 16. Kb1 dxc4 17. d5 Nb4 18. c3 Nxd5 19. Rxd5 exd5 20. Rf1 Kh8 21. Qd6 Qe7 22. Qxd5 Nb6 0-1

[Event "Catalan Youth Championship 2024"]
[Site "Cambrils"]
[Date "2024.03.27"]
[Round "7.21"]
[White "Serrano Batova, Vicent"]
[Black "Rocamora Martorell, Ferran"]
[Result "1-0"]
[ECO "E61"]
[WhiteElo "2104"]
[BlackElo "2118"]
[Annotator "RC"]
[PlyCount "63"]
[EventDate "2024.03.13"]
[EventType "swiss"]
[EventCountry "ESP"]
[SourceTitle "playchess.com"]
[Source "ChessBase"]
[SourceQuality "1"]
[TimeControl "5400+30"]

1. d4 Nf6 2. Nf3 g6 3. c4 Bg7 4. Nc3 O-O 5. Bg5 c5 6. d5 d6 7. e3 e6 8. Bd3 exd5 9. cxd5 Bg4 10. Qc2 Nbd7 11. Nd2 Ne5 12. Bf1 Re8 13. h3 Bf5 14. e4 h6 15. Be3 Bc8 16. f4 Ned7 17. Bd3 a6 18. a4 Nb6 19. Kf2 Nh5 20. Rhf1 f5 21. Rae1 fxe4 22. Bxe4 Qh4+ 23. Kg1 Ng3 24. Bf2 Bd4 25. Nf3 Qxf4 26. Nxd4 cxd4 27. Bxd4 Nxf1 28. Rxf1 Qg5 29. Bxg6 Re7 30. Bf6 Qe3+ 31. Kh1 Rc7 32. Bh7+ 1-0

[Event "Catalan Youth Championship 2024"]
[Site "Cambrils"]
[Date "2024.03.27"]
[Round "7.22"]
[White "Jurado Coderch, Heribert"]
[Black "Martin Barcelo, Carles"]
[Result "0-1"]
[ECO "B13"]
[WhiteElo "1960"]
[BlackElo "2234"]
[Annotator "RC"]
[PlyCount "82"]
[EventDate "2024.03.13"]
[EventType "swiss"]
[EventCountry "ESP"]
[SourceTitle "playchess.com"]
[Source "ChessBase"]
[SourceQuality "1"]
[TimeControl "5400+30"]

1. e4 c6 2. d4 d5 3. exd5 cxd5 4. Bd3 Nf6 5. h3 Nc6 6. c3 g6 7. Nf3 Bf5 8. Be2 Qc7 9. O-O Bg7 10. Be3 O-O 11. Nbd2 Na5 12. Qc1 Rac8 13. Re1 a6 14. Ne5 Nd7 15. Bf4 Nxe5 16. Bxe5 Bxe5 17. dxe5 Qxe5 18. Bxa6 Qf6 19. Bb5 d4 20. c4 Nc6 21. Ne4 Bxe4 22. Rxe4 Rfd8 23. Qd2 d3 24. Bxc6 Rxc6 25. Rae1 e6 26. a4 Rd4 27. b3 Rb6 28. b4 Rbd6 29. c5 R6d5 30. a5 Qd8 31. h4 h5 32. g3 Qd7 33. Rxd4 Rxd4 34. Rb1 Qb5 35. Rb2 e5 36. Kg2 Qc4 37. f3 e4 38. b5 exf3+ 39. Kxf3 Qd5+ 40. Kf2 Qxc5 41. Qe3 d2 0-1

[Event "Catalan Youth Championship 2024"]
[Site "Cambrils"]
[Date "2024.03.27"]
[Round "7.23"]
[White "Pujol Biosca, Joan"]
[Black "Gomez Navais, Marcal"]
[Result "0-1"]
[ECO "B99"]
[WhiteElo "1979"]
[BlackElo "2086"]
[Annotator "RC"]
[PlyCount "184"]
[EventDate "2024.03.13"]
[EventType "swiss"]
[EventCountry "ESP"]
[SourceTitle "playchess.com"]
[Source "ChessBase"]
[SourceQuality "1"]
[TimeControl "5400+30"]

1. e4 c5 2. Nf3 d6 3. d4 cxd4 4. Nxd4 Nf6 5. Nc3 a6 6. Bg5 e6 7. f4 Be7 8. Qf3 Qc7 9. O-O-O Nbd7 10. g4 h6 11. Bxf6 Bxf6 12. Bg2 Nb6 13. Kb1 Bd7 14. Rhe1 Rc8 15. e5 dxe5 16. fxe5 Bxe5 17. Qxb7 Bxh2 18. Qxa6 O-O 19. Qb7 Qg3 20. Ne4 Qb8 21. Qxb8 Rxb8 22. g5 hxg5 23. Nxg5 Bg3 24. Rh1 Be5 25. Nb3 g6 26. Nf3 Bg7 27. c3 Bc6 28. Rhg1 Nc4 29. Nh4 Ba4 30. Bf1 Ne3 31. Rd3 Nxf1 32. Rxf1 Bb5 33. Rdf3 Bxf1 34. Rxf1 Rfd8 35. Nf3 Rd5 36. Kc2 Rdb5 37. Nfd2 g5 38. a4 Rd5 39. a5 g4 40. a6 Ra8 41. Ra1 Bf8 42. Nc4 Rb5 43. Nd4 Rc5 44. Kd3 g3 45. b4 Rg5 46. Nb6 Ra7 47. Nc8 Rc7 48. Nb6 g2 49. Nf3 Rg3 50. Ke2 Ra7 51. Kf2 Rg6 52. Nc8 Rc7 53. a7 Rxc8 54. a8=Q Rxa8 55. Rxa8 e5 56. Kg1 e4 57. Nh4 Rg3 58. Nxg2 Rxc3 59. Re8 f5 60. Nh4 Rg3+ 61. Kf2 Rg4 62. Nxf5 Rf4+ 63. Ke3 Rxf5 64. Rxe4 Rb5 65. Kd3 Bxb4 66. Kc4 Rb8 67. Kd5 Kf7 68. Kc4 Be7 69. Kd3 Rb5 70. Ra4 Bd6 71. Ke3 Ke6 72. Kd3 Kd5 73. Rd4+ Ke5 74. Re4+ Kf5 75. Ra4 Be5 76. Kc4 Rb1 77. Kd3 Rc1 78. Kd2 Rc3 79. Ra5 Rh3 80. Rb5 Ke4 81. Kc2 Kd4 82. Rb4+ Kd5 83. Rb5+ Ke4 84. Rb4+ Bd4 85. Rb7 Rh2+ 86. Kb1 Kd3 87. Rc7 Rb2+ 88. Kc1 Ra2 89. Rb7 Ra1+ 90. Rb1 Ra7 91. Rb8 Rh7 92. Kb1 Rh1+ 0-1

[Event "Catalan Youth Championship 2024"]
[Site "Cambrils"]
[Date "2024.03.27"]
[Round "7.24"]
[White "Porta Isant, Lluis"]
[Black "Chiva Perez, Ferran"]
[Result "*"]
[ECO "B33"]
[WhiteElo "2115"]
[BlackElo "2025"]
[Annotator "RC"]
[PlyCount "24"]
[EventDate "2024.03.13"]
[EventType "swiss"]
[EventCountry "ESP"]
[SourceTitle "playchess.com"]
[Source "ChessBase"]
[SourceQuality "1"]
[TimeControl "5400+30"]

1. e4 c5 2. Nf3 Nc6 3. d4 cxd4 4. Nxd4 Nf6 5. Nc3 e5 6. Ndb5 d6 7. Bg5 a6 8. Na3 b5 9. Nd5 Be7 10. Bxf6 Bxf6 11. c3 Bg5 12. Nc2 Be6 *

[Event "Catalan Youth Championship 2024"]
[Site "Cambrils"]
[Date "2024.03.27"]
[Round "7.24"]
[White "Vara Soler, Luis"]
[Black "Navajas Alvarez, Josep"]
[Result "0-1"]
[ECO "B33"]
[WhiteElo "1889"]
[BlackElo "1989"]
[Annotator "RC"]
[PlyCount "108"]
[EventDate "2024.03.13"]
[EventType "swiss"]
[EventCountry "ESP"]
[SourceTitle "playchess.com"]
[Source "ChessBase"]
[SourceQuality "1"]
[TimeControl "5400+30"]

1. e4 c5 2. Nf3 Nc6 3. d4 cxd4 4. Nxd4 Nf6 5. Nc3 e5 6. Ndb5 d6 7. Bg5 a6 8. Na3 b5 9. Nd5 Be7 10. Bxf6 Bxf6 11. c3 Bg5 12. Nc2 Be6 13. Nce3 O-O 14. a4 bxa4 15. Rxa4 a5 16. Bc4 Rb8 17. b3 g6 18. O-O Kh8 19. g3 f5 20. f4 Bh6 21. exf5 gxf5 22. Qh5 Bg7 23. Rd1 e4 24. Ra2 Qd7 25. Rad2 Qa7 26. Kg2 Rbd8 27. Qe2 Bg8 28. Rc2 Nb8 29. Qh5 Be6 30. Ra1 Nc6 31. Rd1 Nb8 32. Ra2 Bxc3 33. Nxc3 Qxe3 34. Bxe6 Qxc3 35. Qe2 Rf6 36. Bc4 Nc6 37. Rc2 Qb4 38. Qe3 Kg7 39. Rd5 Qb7 40. Qc3 Kg6 41. h4 h5 42. Rb5 Qa7 43. Bf7+ Qxf7 44. Qxc6 d5 45. Qc5 d4 46. Rd2 d3 47. Rxa5 Qxb3 48. Ra7 Qe6 49. Qc7 Qf7 50. Qc5 Rd7 51. Rxd7 Qxd7 52. Qc4 Qe6 53. Qc7 e3 54. Rxd3 Qe4+ 0-1

[Event "Catalan Youth Championship 2024"]
[Site "Cambrils"]
[Date "2024.03.27"]
[Round "8.1"]
[White "Caballero Mogilnikov, Liam"]
[Black "Garcia Corpas, Nicolas"]
[Result "1/2-1/2"]
[ECO "B22"]
[WhiteElo "1659"]
[BlackElo "1679"]
[Annotator "NA RC"]
[PlyCount "52"]
[EventDate "2024.03.13"]
[EventType "swiss"]
[EventCountry "ESP"]
[SourceTitle "playchess.com"]
[Source "ChessBase"]
[SourceQuality "1"]
[TimeControl "5400+30"]

1. e4 c5 2. d4 cxd4 3. c3 Nf6 4. e5 Nd5 5. Qxd4 Nb6 6. Nf3 Nc6 7. Qe4 g6 8. Bd3 Bg7 9. O-O O-O 10. Re1 d6 11. exd6 Qxd6 12. Qe2 Bg4 13. Nbd2 Rad8 14. Bc2 Nd5 15. Nb3 Qf6 16. Be4 Ne5 17. Bxd5 Rxd5 18. Nbd4 Nxf3+ 19. Nxf3 Bxf3 20. Qxf3 Qxf3 21. gxf3 e6 22. Be3 b6 23. a4 Ra5 24. Red1 Bf6 25. Rd7 Rd8 26. Rxd8+ Bxd8 1/2-1/2

[Event "Catalan Youth Championship 2024"]
[Site "Cambrils"]
[Date "2024.03.27"]
[Round "8.3"]
[White "Perez Monakhov, Andres"]
[Black "Guiu Ruiz, Lluc"]
[Result "1-0"]
[ECO "D31"]
[WhiteElo "1765"]
[BlackElo "1613"]
[Annotator "NA RC"]
[PlyCount "85"]
[EventDate "2024.03.13"]
[EventType "swiss"]
[EventCountry "ESP"]
[SourceTitle "playchess.com"]
[Source "ChessBase"]
[SourceQuality "1"]
[TimeControl "5400+30"]

1. d4 d5 2. c4 e6 3. Nc3 a6 4. cxd5 exd5 5. Bf4 Nf6 6. e3 Bd6 7. Bg5 c6 8. Bd3 Be6 9. Qc2 h6 10. Bh4 O-O 11. Nge2 Re8 12. f3 Nbd7 13. e4 dxe4 14. fxe4 Be7 15. O-O-O Qa5 16. Kb1 Ng4 17. Bxe7 Ne3 18. Qd2 Nxd1 19. Rxd1 Rxe7 20. Nd5 Qxd2 21. Nxe7+ Kf8 22. Ng6+ fxg6 23. Rxd2 Ke7 24. Nf4 g5 25. Nxe6 Kxe6 26. Bc4+ Ke7 27. Kc2 Nf6 28. h3 Rd8 29. Kd3 Nd7 30. Ke3 Nb6 31. b3 Nd7 32. e5 c5 33. e6 cxd4+ 34. Rxd4 Nb6 35. Rxd8 Kxd8 36. Kd4 Nxc4 37. Kxc4 h5 38. g3 Ke7 39. Kd5 h4 40. g4 g6 41. Ke5 b5 42. b4 Ke8 43. Kf6 1-0

[Event "Catalan Youth Championship 2024"]
[Site "Cambrils"]
[Date "2024.03.27"]
[Round "8.4"]
[White "Martin Montano, Laia"]
[Black "Garcia Huerta, Joaquin Marc"]
[Result "0-1"]
[ECO "D02"]
[WhiteElo "1646"]
[BlackElo "1617"]
[Annotator "NA RC"]
[PlyCount "110"]
[EventDate "2024.03.13"]
[EventType "swiss"]
[EventCountry "ESP"]
[SourceTitle "playchess.com"]
[Source "ChessBase"]
[SourceQuality "1"]
[TimeControl "5400+30"]

1. d4 d5 2. Bf4 Nf6 3. e3 e6 4. Nf3 Bd6 5. Bxd6 cxd6 6. Bd3 Nbd7 7. Nbd2 e5 8. dxe5 dxe5 9. e4 dxe4 10. Nxe4 O-O 11. O-O Nxe4 12. Bxe4 Nf6 13. Qxd8 Rxd8 14. Rfe1 Nxe4 15. Rxe4 f6 16. Rc4 Bf5 17. Re1 Rac8 18. Rxc8 Rxc8 19. Re2 Rxc2 20. Rxc2 Bxc2 21. Kf1 Kf7 22. Ke2 Ke6 23. Kd2 Bg6 24. Kc3 Be4 25. Ne1 h5 26. f3 Bd5 27. a3 g5 28. h3 f5 29. Kd3 b5 30. b4 a6 31. Ke3 g4 32. hxg4 hxg4 33. g3 gxf3 34. Nxf3 Bxf3 35. Kxf3 Kd5 36. Ke3 Kc4 37. Kd2 Kb3 38. Kc1 f4 39. gxf4 exf4 40. Kd2 Kxa3 41. Kc2 f3 42. Kd2 Kxb4 43. Ke3 Kc3 44. Kxf3 b4 45. Ke4 b3 46. Kf4 b2 47. Ke4 b1=Q+ 48. Ke5 a5 49. Ke6 a4 50. Ke5 a3 51. Ke6 a2 52. Ke5 a1=Q 53. Kd6 Qf5 54. Kc6 Qa6+ 55. Kc7 Qfc8# 0-1

[Event "Catalan Youth Championship 2024"]
[Site "Cambrils"]
[Date "2024.03.27"]
[Round "8.5"]
[White "Villa Peiro, Joan"]
[Black "Hijarrubia Alvarez-Cuevas, Gonzalo"]
[Result "0-1"]
[ECO "C00"]
[WhiteElo "1720"]
[BlackElo "1827"]
[Annotator "NA RC"]
[PlyCount "100"]
[EventDate "2024.03.13"]
[EventType "swiss"]
[EventCountry "ESP"]
[SourceTitle "playchess.com"]
[Source "ChessBase"]
[SourceQuality "1"]
[TimeControl "5400+30"]

1. e4 c5 2. Nf3 e6 3. b4 cxb4 4. d4 d5 5. e5 Nc6 6. a3 Bd7 7. axb4 $11 Bxb4+ 8. c3 Be7 9. Bd3 a6 10. Nbd2 h5 11. h4 Nh6 12. g3 b5 13. Ng5 Nf5 14. Qe2 g6 15. Qf3 b4 16. Bb2 bxc3 17. Bxc3 Bxg5 18. hxg5 Qxg5 19. Rxa6 Rxa6 20. Bxa6 Nfxd4 21. Qd3 Qf5 22. Qxf5 Nxf5 23. g4 Nfd4 24. Be2 Nxe2 25. Kxe2 d4 26. Bb2 Nxe5 27. Bxd4 Bb5+ 28. Kd1 Ba4+ 29. Ke2 Bb5+ 30. Kd1 Nd3 31. Ne4 e5 32. Be3 Bc6 33. f3 Bxe4 34. fxe4 Nf4 35. Bxf4 exf4 36. gxh5 Rxh5 37. Rxh5 gxh5 38. Ke2 Ke7 39. Kf3 Ke6 40. Kxf4 Kf6 41. Kf3 Ke5 42. Ke3 f6 43. Kf3 h4 44. Ke3 h3 45. Kf3 h2 46. Kg2 Kxe4 47. Kxh2 Kf3 48. Kh3 f5 49. Kh2 f4 50. Kh1 Ke2 0-1

[Event "Catalan Youth Championship 2024"]
[Site "Cambrils"]
[Date "2024.03.27"]
[Round "8.6"]
[White "Berrozpe Gonzalez, Marc"]
[Black "Tallada Serret, Gerard"]
[Result "0-1"]
[ECO "B31"]
[WhiteElo "1743"]
[BlackElo "2085"]
[Annotator "NA RC"]
[PlyCount "66"]
[EventDate "2024.03.13"]
[EventType "swiss"]
[EventCountry "ESP"]
[SourceTitle "playchess.com"]
[Source "ChessBase"]
[SourceQuality "1"]
[TimeControl "5400+30"]

1. e4 c5 2. Nf3 Nc6 3. Bb5 g6 4. Bxc6 dxc6 5. d3 Bg7 6. h3 Nf6 7. Nc3 Nd7 8. Be3 e5 9. Qd2 h6 10. O-O $11 b6 11. Nh2 g5 12. Ne2 Nf8 13. Ng3 Ng6 14. c3 O-O 15. Rad1 Be6 16. Ra1 Qe7 17. Rfd1 Rfd8 18. Qc2 Rd6 19. Nf5 Bxf5 20. exf5 Nh4 21. g4 Rad8 22. Rd2 Qd7 23. Rad1 Rf6 24. c4 Rd6 25. f3 Qc7 26. a3 R6d7 27. Rf2 e4 28. fxe4 Qg3+ 29. Kf1 Qxe3 30. Qa4 Rxd3 31. Re1 Qxh3+ 32. Kg1 Bd4 33. Qc2 Qg2# 0-1